[Event "*** Titled Tuesday Blitz"]
[Site "Chess.com"]
[Date "2018.06.05"]
[Round "4"]
[White "PawnEatingZombie"]
[Black "chesstatour"]
[Result "1/2-1/2"]
[WhiteElo "2037"]
[BlackElo "2049"]
[TimeControl "180+2"]
[EndTime "13:58:33 PDT"]
[Termination "Game drawn by agreement"]

1. d4 f5 2. Nc3 Nf6 3. Bg5 d5 4. Bxf6 exf6 5. e3 Be6 6. Qf3 a6 7. Bd3 g6 8. Nge2 Bb4 9. O-O-O Bxc3 10. Nxc3 Nc6 11. h3 Qd6 12. g4 Ne7 13. Ne2 O-O-O 14.
Nf4 Bd7 15. Kb1 Kb8 16. Rc1 c5 17. dxc5 Qxc5 18. Ne2 Bb5 19. gxf5 Bxd3 20. cxd3 Qb5 21. Nd4 Qxd3+ 22. Ka1 Nxf5 23. Nxf5 Qxf5 24. Qxf5 gxf5 25. Rhg1 Rhg8 26. Kb1 Rg6 27. h4 Rg4 28. h5 Rg5 29. h6 Rdg8 30. Rgd1 f4 31. exf4 Rf5 32. Re1 Rg6 33. Re7 d4 34. Rcc7 Rb5 35. Rxh7 Rg2 36. Kc2 Rxf2+ 37. Kd3 Rb4 38. Rhg7 Rxf4 39. h7 Rf3+ 40. Ke4 Rh3 41. Rcd7 d3+ 42. Kf5 Ka7 43. Rg8 Rb5+ 44. Kg4 Rbh5 45. Rgg7 d2 46. Rxb7+ Ka8 47. Ra7+ Kb8 48. Rgb7+ Kc8 49. Rc7+ Kb8 50. Rcb7+ Kc8 51. Rc7+ Kb8 1/2-1/2

[Event "*** Titled Tuesday Blitz"]
[Site "Chess.com"]
[Date "2018.06.05"]
[Round "4"]
[White "SergeiAza"]
[Black "vugarrasulov"]
[Result "0-1"]
[WhiteElo "2627"]
[BlackElo "2733"]
[TimeControl "180+2"]
[EndTime "13:58:34 PDT"]
[Termination "vugarrasulov won by resignation"]

1. e4 e5 2. Nf3 Nc6 3. Bb5 g6 4. d4 exd4 5. c3 a6 6. Bc4 d3 7. Qxd3 d6 8. O-O Bg7 9. Bg5 Nge7 10. Nbd2 h6 11. Bh4 O-O 12. Rfe1 g5 13. Bg3 Ng6 14. Bb3 Kh7 15. Rad1 Be6 16. Nd4 Nge5 17. Qc2 Qf6 18. N2f3 Bg4 19. Re3 Rae8 20. Rde1 Kh8 21. Nxc6 Nxc6 22.
e5 Qd8 23. exd6 Rxe3 24. Rxe3 cxd6 25. h3 Bh5 26. Qd2 Bxf3 27. Rxf3 Ne5 28. Rf5 Qe7 29. h4 gxh4 30. Bf4 h3 31. Bxh6 Qh4 32. Bg5 Qg4 33. Qd5 Qxf5 34. f4 h2+ 35. Kxh2 Ng4+ 36. Kg3 Qxd5 37. Bxd5 Ne3 38. Bxb7 Rb8 39. Bxa6 Rxb2 40.
Kf3 Nxg2 41. Bc4 Ne1+ 42. Kg4 Kg8 43. a4 Bxc3 44. Kf5 Rb4 45. Bb5 Nf3 46. Be7 Nd4+ 0-1

[Event "*** Titled Tuesday Blitz"]
[Site "Chess.com"]
[Date "2018.06.05"]
[Round "4"]
[White "Dedic8"]
[Black "lupta_robin"]
[Result "0-1"]
[WhiteElo "2628"]
[BlackElo "2448"]
[TimeControl "180+2"]
[EndTime "13:58:36 PDT"]
[Termination "lupta_robin won by resignation"]

1. e4 c5 2. Nf3 d6 3. d4 cxd4 4. Nxd4 Nf6 5. Nc3 g6 6. Be3 Bg7 7. f3 O-O 8. Qd2 Nc6 9. O-O-O d5 10. Kb1 Nxd4 11. e5 Nf5 12. exf6 exf6 13. Nxd5 Qxd5 14.
Qxd5 Nxe3 15. Qd2 Nxd1 16. Qxd1 Be6 17. Bb5 f5 18. Ba4 Rfd8 19. Qe2 Rd6 20. Bb3 Rad8 21. Bxe6 Rxe6 22. Qc4 Rb6 23. b3 Rbd6 24. c3 Rd2 25.
g4 fxg4 26. fxg4 Rf2 27. Rf1 Rxf1+ 28. Qxf1 Rd7 29. h4 Bxc3 30. h5 Bd4 31. Qb5 Re7 32. h6 Kf8 33. Qc4 Bb6 34. Qc8+ Re8 35. Qxb7 Re7 36. Qc8+ Re8 37. Qc3 Ke7 38. Qg7 Bc5 39.
Qxh7 Bd4 40. Kc2 Rh8 41. Qxh8 Bxh8 42. Kd3 Kf6 43. a4 Kg5 44. h7 Kh6 45. b4 Kxh7 46. b5 Be5 47. a5 Bc7 48. b6 axb6 49. a6 Bb8 0-1

[Event "*** Titled Tuesday Blitz"]
[Site "Chess.com"]
[Date "2018.06.05"]
[Round "4"]
[White "Colombiano07"]
[Black "MishkaFighter"]
[Result "1-0"]
[WhiteElo "2231"]
[BlackElo "2029"]
[TimeControl "180+2"]
[EndTime "13:58:37 PDT"]
[Termination "Colombiano07 won on time"]

1. e4 c6 2. d4 d5 3. Nc3 dxe4 4. Nxe4 Bf5 5. Ng3 Bg6 6. h4 h6 7. Nf3 Nd7 8. h5 Bh7 9. Bd3 Bxd3 10. Qxd3 e6 11.
Bf4 Ngf6 12. O-O-O Be7 13. Ne4 Nxe4 14. Qxe4 Nf6 15.
Qd3 Qd5 16. Kb1 Qe4 17. Qxe4 Nxe4 18. Be3 f5 19. Rhe1 Bf6 20. Ne5 Rd8 21. f3 Ng3 22. Ng6 Rg8 23. Nf4 e5 24. Bf2 Ne4 25. fxe4 exf4 26.
e5 Bg5 27. c4 b5 28. b3 bxc4 29. bxc4 Ke7 30. d5 cxd5 31. cxd5 Rb8+ 32. Ka1 Rgc8 33. Bd4 Rb5 34. Bb2 Rc2 35. Ba3+ Ke8 36. d6 Ra5 37.
Rd3 f3 38. gxf3 Rb5 39. Rb3 Rxb3 40. axb3 Bd2 41. Kb1 Rc6 42. Rd1 Bf4 43. d7+ Kd8 44. Be7+ Kxe7 45. d8=Q+ Ke6 46. Rd6+ Kxe5 47. Rxc6 1-0

[Event "*** Titled Tuesday Blitz"]
[Site "Chess.com"]
[Date "2018.06.05"]
[Round "4"]
[White "krzysztofszczurek"]
[Black "talento10"]
[Result "0-1"]
[WhiteElo "2127"]
[BlackElo "2166"]
[TimeControl "180+2"]
[EndTime "13:58:37 PDT"]
[Termination "talento10 won by resignation"]

1. e4 c5 2. c3 Nf6 3. e5 Nd5 4. d4 cxd4 5. Qxd4 e6 6. Nf3 Nc6 7. Qe4 Be7 8. Bd3 d6 9. O-O dxe5 10. Nxe5 f5 11. Qe2 Nxe5 12. Qxe5 O-O 13. Nd2 Bf6 14.
Qg3 e5 15. Rd1 Be6 16. Nb3 Qe7 17. Bc4 Rfd8 18. Bxd5 Bxd5 19. Bd2 Bc6 20. Qh3 g6 21. Be3 b6 22. Re1 Qb7 23. Rad1 a5 24. f4 Rxd1 25.
Rxd1 a4 26. Nd2 exf4 27. Bxf4 a3 28. b3 Re8 29. Nc4 Re2 30. Ne3 Rxa2 31. Rd6 Be7 32. Rd1 Rb2 33. Be5 a2 34. c4 Rb1 35. Qh6 Bf8 36. Qg5 Qd7 37. Rf1 Rxf1+ 38. Kxf1 Qd3+ 39. Kf2 Bc5 40. Qf4 Qxb3 41. Ba1 Qxe3+ 42. Qxe3 Bxe3+ 43. Kxe3 Bxg2 44. Kd3 f4 45. Ke2 Bc6 46. Kf2 Kf7 47.
Be5 Ke6 48. Bd4 Kf5 0-1

[Event "*** Titled Tuesday Blitz"]
[Site "Chess.com"]
[Date "2018.06.05"]
[Round "4"]
[White "GM_Huschenbeth"]
[Black "VeraNebolsina"]
[Result "1/2-1/2"]
[WhiteElo "2454"]
[BlackElo "2356"]
[TimeControl "180+2"]
[EndTime "13:58:39 PDT"]
[Termination "Game drawn by repetition"]

1. e4 c5 2. Nf3 d6 3. d4 cxd4 4. Nxd4 Nf6 5. Nc3 a6 6. Bg5 Nbd7 7. Bc4 Qc7 8. Qe2 e6 9. O-O-O Qa5 10. f4 Be7 11. Bxe6 fxe6 12. Nxe6 Rg8 13. Nd5 Qxa2 14. Nec7+ Kf7 15. Nxa8 Qa1+ 16. Kd2 Qxb2 17. Qc4 b5 18.
Bxf6 gxf6 19. Qe2 Nc5 20. Qh5+ Kf8 21. Qh6+ Rg7 22. Ke3 Qxc2 23. Rd4 Qb3+ 24. Ke2 Qb2+ 25. Rd2 Qb3 26. Nxe7 Qc4+ 27. Kd1 Qb3+ 28. Ke1 Qb1+ 29.
Kf2 Nxe4+ 30. Ke3 Qb3+ 31. Kxe4 f5+ 32. Nxf5 Bb7+ 33. Kd4 Qc4+ 34. Ke3 Qe4+ 35. Kf2 Qxg2+ 36. Ke3 Qe4+ 37. Kf2 Qg2+ 38. Ke1 Qxh1+ 39. Ke2 Qf3+ 40. Ke1 Qe4+ 41. Kd1 Qb1+ 42. Ke2 Qe4+ 43. Ne3 Qf3+ 44. Kd3 Qe4+ 45. Ke2 Qf3+ 46. Kd3 Qe4+ 47. Ke2 Qf3+ 48. Kd3 Qe4+ 49. Ke2 Qf3+ 50. Kd3 Qe4+ 1/2-1/2

[Event "*** Titled Tuesday Blitz"]
[Site "Chess.com"]
[Date "2018.06.05"]
[Round "4"]
[White "ChrisTool2"]
[Black "AsaHoffmann"]
[Result "1-0"]
[WhiteElo "2231"]
[BlackElo "2079"]
[TimeControl "180+2"]
[EndTime "13:58:40 PDT"]
[Termination "ChrisTool2 won by resignation"]

1. d4 Nf6 2. c4 c5 3. e3 g6 4.
Nc3 Bg7 5. Nf3 O-O 6. Be2 b6 7. b3 Bb7 8. Bb2 cxd4 9. exd4 d5 10. O-O Nbd7 11. Rc1 Rc8 12. Ne5 e6 13. Qd2 Nxe5 14.
dxe5 Nd7 15. cxd5 Nxe5 16. Rfd1 exd5 17. Nxd5 Rxc1 18. Bxc1 Qxd5 19. Qxd5 Bxd5 20. Rxd5 Rc8 21. Bf4 f6 22. h3 Rc7 23. g4 Kf7 24. Kg2 Ke6 25.
Rd8 Rc2 26. Rd2 Rxd2 27. Bxd2 Bf8 28. f4 Nc6 29. Bc4+ Kd7 30. Bc3 Be7 31. Kf3 h6 32.
Bd3 g5 33. Bf5+ Kc7 34. Ke4 Kd6 35. Bb2 a5 36. Bc8 Kc7 37. Be6 Kd6 38. Bc4 Kc7 39. fxg5 hxg5 40. Kf5 Ne5 41. Bb5 Bd8 42. Ke6 Nc6 43. Bxf6 Bxf6 44. Kxf6 Nd4 45. Bd3 Nf3 46.
Be4 Nd2 47. Bg2 b5 48. Kxg5 b4 49. Kf5 Kd6 50. g5 a4 51. bxa4 Nc4 52. Ke4 Ne5 53.
h4 Ng6 54. h5 Nh4 55. Bf1 Ke6 56. a5 Kd6 57. g6 Ke7 58. a6 Kf6 59. a7 1-0

[Event "*** Titled Tuesday Blitz"]
[Site "Chess.com"]
[Date "2018.06.05"]
[Round "4"]
[White "saikrishnaReturns"]
[Black "olksuna"]
[Result "1-0"]
[WhiteElo "2643"]
[BlackElo "2408"]
[TimeControl "180+2"]
[EndTime "13:58:41 PDT"]
[Termination "saikrishnaReturns won by resignation"]

1. e4 d6 2. d4 Nf6 3. Nc3 e5 4. Nf3 Nbd7 5. Bc4 Be7 6. O-O O-O 7. a4 a5 8. Re1 b6 9. Ba2 Bb7 10. Nh4 Nxe4 11. Nf5 Nxc3 12. Qg4 Bf6 13. bxc3 Kh8 14. Re3 g6 15. Rh3 d5 16. Qf3 Bg5 17. Ne3 e4 18. Qg3 c6 19. c4 f5 20. f4 exf3 21. Qxf3 f4 22. Ng4 Nf6 23. Ne5 Kg7 24. Bxf4 Ne4 25. g3 Bxf4 26. gxf4 Ng5 27. fxg5 Rxf3 28. Rxf3 Qxg5+ 29. Kh1 Rf8 30. Rxf8 Kxf8 31. Rf1+ Ke8 32. Nf7 Qe7 33.
cxd5 cxd5 34. Ne5 Qh4 35. Nf3 Qf4 36. Kg2 Ba6 37. Re1+ Kd8 38. Bxd5 Qg4+ 39. Kf2 g5 40. Re5 h6 41. Be6 Qf4 42. Rd5+ Kc7 43. Rf5 Qc1 44.
Bb3 g4 45. Rf7+ Kd8 46. Ne5 Qd2+ 47. Kg3 Qxd4 48. Nc6+ Ke8 49. Nxd4 1-0

[Event "*** Titled Tuesday Blitz"]
[Site "Chess.com"]
[Date "2018.06.05"]
[Round "4"]
[White "PowerThinking2650"]
[Black "TomPolgar"]
[Result "1-0"]
[WhiteElo "2350"]
[BlackElo "2255"]
[TimeControl "180+2"]
[EndTime "13:58:44 PDT"]
[Termination "PowerThinking2650 won by checkmate"]

1. e4 c5 2. Nf3 Nc6 3. Nc3 g6 4. g3 Bg7 5. Bg2 e6 6. O-O Nge7 7.
d3 O-O 8. Be3 d6 9. d4 cxd4 10.
Nxd4 Nxd4 11. Bxd4 e5 12. Be3 Be6 13. Qd2 Qd7 14.
Rad1 Rfd8 15. Nd5 Nxd5 16. exd5 Bh3 17. c4 Bxg2 18. Kxg2 Rdc8 19. Rc1 b5 20. c5 dxc5 21. Rxc5 Rxc5 22. Bxc5 Rd8 23. Rd1 Bf8 24. b4 Qc7 25. d6 Qc6+ 26. Qd5 Qxd5+ 27. Rxd5 f6 28. Bxa7 Rxd6 29.
Rxb5 Rd2 30. a4 Ra2 31. a5 e4 32. Be3 f5 33. h4 Ra4 34. Bc5 Bh6 35. Rb8+ Kf7 36.
Rb7+ Kg8 37. Rb6 Ra2 38. Kf1 Ra1+ 39. Ke2 Ra2+ 40. Kd1 Rd2+ 41. Ke1 Ra2 42. a6 e3 43.
Bxe3 Bg7 44. b5 Bc3+ 45. Kf1 Kg7 46. Rc6 Be5 47. a7 Ra1+ 48. Kg2 g5 49. hxg5 Ra2 50. b6 f4 51. gxf4 Bb2 52. f5 h6 53. Rc7+ Kg8 54.
b7 Bg7 55. a8=Q+ Bf8 56. Qxf8+ Kxf8 57. b8=Q# 1-0

[Event "*** Titled Tuesday Blitz"]
[Site "Chess.com"]
[Date "2018.06.05"]
[Round "4"]
[White "tan275"]
[Black "aqmarkin"]
[Result "1-0"]
[WhiteElo "2008"]
[BlackElo "2203"]
[TimeControl "180+2"]
[EndTime "13:58:46 PDT"]
[Termination "tan275 won by checkmate"]

1. d4 d5 2. c4 c6 3. Nc3 Nf6 4. e3 e6 5. Bd3 Nbd7 6. cxd5 exd5 7. Nge2 Bd6 8. f3 O-O 9. O-O Qc7 10. h3 Re8 11. e4 Bb4 12. e5 Nh5 13. g4 Nxe5 14. dxe5 Qxe5 15. gxh5 Bxh3 16. Bf4 Bc5+ 17. Kh2 Qxh5 18.
Ng3 Qh4 19. Bg5 Qxg5 20. Kxh3 Bd6 21. Rg1 Re6 22. Nce2 Rh6+ 23. Kg2 Qh4 24. Kf1 Qh3+ 25. Ke1 Bb4+ 26. Kf2 Bc5+ 27. Ke1 Bxg1 28. Kd2 Re8 29. Qxg1 Rg6 30. Qf2 Qh6+ 31. Kc2 Rge6 32. Rh1 Qf6 33. Qh2 h6 34. Qf2 c5 35. Bf5 Rc6 36. Bd7 Qg6+ 37. Kc1 Qg5+ 38. f4 Qe7 39. Bxe8 Qxe8 40. Rg1 c4 41.
Nf5 g6 42. Nxh6+ Kg7 43. Nf5+ Kf6 44. Nfd4 Rb6 45. Qh4+ Kg7 46. Rh1 Qe3+ 47. Kb1 Qe4+ 48. Ka1 c3 49. Qh8# 1-0

[Event "*** Titled Tuesday Blitz"]
[Site "Chess.com"]
[Date "2018.06.05"]
[Round "4"]
[White "NikolaGry"]
[Black "sergiochess83"]
[Result "1-0"]
[WhiteElo "2604"]
[BlackElo "2748"]
[TimeControl "180+2"]
[EndTime "13:58:48 PDT"]
[Termination "NikolaGry won by resignation"]

1. b3 e5 2. Bb2 Nc6 3. c4 Nf6 4. e3 d5 5. cxd5 Nxd5 6. a3 Bd6 7. d3 O-O 8. Nf3 f5 9. Nbd2 Qe7 10. Qc2 Kh8 11.
Be2 Bd7 12. O-O Rae8 13. b4 b5 14. Rac1 a5 15. bxa5 Nxa5 16. Nb3 Nxb3 17. Qxb3 Nf6 18. d4 e4 19. Ne5 Be6 20. Qc2 Rc8 21. Bxb5 c5 22. Qe2 cxd4 23. Rxc8 Rxc8 24. Bxd4 Bd5 25. Nc4 Bxh2+ 26. Kxh2 Ng4+ 27. Kg1 Qh4 28. Qxg4 fxg4 29. Nb6 Rd8 30. Rc1 g3 31. fxg3 Qg5 32. Rc7 Bb3 33.
Rxg7 Qxg7 34. Bxg7+ Kxg7 35. a4 Rd1+ 36. Kh2 Ra1 37. Bc6 Bc2 38. g4 Kf6 39. Kg3 Ke5 40.
Nc4+ Ke6 41. Kf4 Bxa4 42. Bxe4 Bb5 43. Ne5 Ra4 44. Nf3 h6 45. Nd4+ Rxd4 46. exd4 Bf1 47.
g5 hxg5+ 48. Kxg5 Kd6 49. g4 1-0

[Event "*** Titled Tuesday Blitz"]
[Site "Chess.com"]
[Date "2018.06.05"]
[Round "4"]
[White "rubhani"]
[Black "LastHeroJr"]
[Result "1-0"]
[WhiteElo "2432"]
[BlackElo "2516"]
[TimeControl "180+2"]
[EndTime "13:58:51 PDT"]
[Termination "rubhani won by resignation"]

1. e4 e5 2. Nf3 Nc6 3. Bb5 a6 4. Ba4 Nf6 5. O-O Be7 6. d3 b5 7. Bb3 d6 8. c3 O-O 9. Re1 Na5 10.
Bc2 c5 11. Nbd2 Nc6 12. Nf1 Be6 13. h3 Rc8 14. Ng3 h6 15. a4 Re8 16. axb5 axb5 17.
Nh2 d5 18. Qf3 Bf8 19. Ng4 Nxg4 20. hxg4 g6 21. exd5 Bxd5 22. Ne4 Bg7 23. Qh3 Bxe4 24. Rxe4 g5 25. Qf3 Ra8 26. Rxa8 Qxa8 27. Re1 Ne7 28. Qe2 Nd5 29. g3 Qc6 30. Bb3 Nb6 31. Qe4 Qxe4 32. Rxe4 Rd8 33. Be3 Nd7 34. Bc2 Nf6 35. Rxe5 Nxg4 36.
Rxc5 Nxe3 37. fxe3 b4 38. d4 bxc3 39. bxc3 Rb8 40.
e4 Rb2 41. Bd3 Rb3 42. e5 Bf8 43. Rc8 Kg7 44. d5 Rb2 45. d6 Rd2 46. Bc4 f6 47. Rc7+ Kg6 48. Rc8 Kg7 49. exf6+ Kxf6 50. Rxf8+ Ke5 51.
Re8+ Kf5 52. d7 1-0

[Event "*** Titled Tuesday Blitz"]
[Site "Chess.com"]
[Date "2018.06.05"]
[Round "4"]
[White "aa175"]
[Black "Blitzking4444"]
[Result "1-0"]
[WhiteElo "1891"]
[BlackElo "2066"]
[TimeControl "180+2"]
[EndTime "13:58:52 PDT"]
[Termination "aa175 won by checkmate"]

1. e4 e6 2. d4 d5 3. e5 c5 4. c3 Nc6 5. Nf3 Qb6 6. Bd3 cxd4 7.
cxd4 Bd7 8. Bc2 Nb4 9. Ba4 Bxa4 10. Qxa4+ Qc6 11. Qxc6+ bxc6 12. Na3 c5 13. O-O c4 14. Nb5 Kd7 15. Bd2 Nd3 16. b3 a6 17.
Nc3 Ne7 18. bxc4 dxc4 19. Ng5 Nc6 20. Nxf7 Rg8 21. d5 Ncxe5 22. dxe6+ Kxe6 23. Ng5+ Kd7 24. Nd5 Bc5 25. Ne4 Bd4 26. Rab1 Rab8 27. Be3 Bxe3 28. fxe3 Rxb1 29. Rxb1 Re8 30. Rb6 Rc8 31. Rd6+ Ke8 32.
Rxa6 Nc5 33. Nxc5 Rxc5 34. Nc3 Nd3 35. Ra8+ Kd7 36. Ra7+ Kc6 37. Rxg7 Nb4 38. Rxh7 Nd5 39. Rh6+ Kd7 40. Ne4 Ra5 41. Rh7+ Ke8 42. Nd6+ Kd8 43. Nb7+ Ke8 44. Nxa5 c3 45. Nb3 Nxe3 46. Rh3 Nd5 47. Rd3 c2 48. Rxd5 Ke7 49. Rc5 Ke6 50. Rxc2 Ke5 51.
Rd2 Ke4 52. Rd4+ Ke3 53. h4 Ke2 54. h5 Ke1 55. h6 Ke2 56. h7 Ke3 57. h8=Q Ke2 58. Qe8# 1-0

[Event "*** Titled Tuesday Blitz"]
[Site "Chess.com"]
[Date "2018.06.05"]
[Round "4"]
[White "GadimbayliA"]
[Black "tango_argentino"]
[Result "1-0"]
[WhiteElo "2476"]
[BlackElo "2455"]
[TimeControl "180+2"]
[EndTime "13:58:53 PDT"]
[Termination "GadimbayliA won by resignation"]

1. e4 e6 2. d4 d5 3. Nd2 c5 4.
exd5 Qxd5 5. Ngf3 cxd4 6. Bc4 Qd7 7. O-O Nc6 8. Nb3 a6 9. Nbxd4 Nxd4 10. Nxd4 Qc7 11. Bd3 Bd6 12. g3 Ne7 13. c3 h5 14.
Qf3 h4 15. Bg5 h3 16. Rad1 Bd7 17. Bc2 f6 18. Bc1 O-O-O 19. Bb3 e5 20. Ne6 Bxe6 21.
Bxe6+ Kb8 22. b4 f5 23. Bg5 e4 24. Qe3 g6 25. c4 Bxb4 26. Bf4 Bd6 27. Rxd6 Rxd6 28.
c5 Rxe6 29. Bxc7+ Kxc7 30. Rb1 Nc6 31. Rxb7+ Kxb7 32. Qb3+ Kc7 33. Qxe6 Rd8 34. f3 exf3 35. Qxg6 Rd1+ 36. Kf2 Rd2+ 37. Kf1 Rd1+ 38. Kf2 Rd2+ 39. Ke1 Rxh2 40. Qf7+ Kb8 41. Qb3+ Ka8 42. Qxf3 Kb7 43. g4 fxg4 44. Qb3+ Kc8 45. Qe6+ Kc7 46. Qd6+ Kb7 47. Qxh2 Nd4 48. Qb2+ Nb5 49. a4 g3 50. axb5 h2 51. Qg2+ Kc7 52. b6+ Kb8 53. Qxg3+ 1-0

[Event "*** Titled Tuesday Blitz"]
[Site "Chess.com"]
[Date "2018.06.05"]
[Round "4"]
[White "Dr-Bassem"]
[Black "Justmig"]
[Result "0-1"]
[WhiteElo "2672"]
[BlackElo "2630"]
[TimeControl "180+2"]
[EndTime "13:58:53 PDT"]
[Termination "Justmig won on time"]

1. e4 c6 2. d4 d5 3. exd5 cxd5 4. c4 Nf6 5. Nc3 Nc6 6. Bg5 Ne4 7. Nxe4 dxe4 8. d5 Ne5 9. Qd4 f6 10. Qxe4 Qb6 11. Bd2 Qxb2 12. Rd1 g6 13. f4 Bf5 14. Qe3 Bh6 15. Qb3 Qxb3 16. axb3 Nd3+ 17. Bxd3 Bxd3 18. Rc1 O-O 19. Nf3 e6 20. dxe6 Rfe8 21. Nd4 Rad8 22. Be3 Bxf4 23. Kf2 a6 24. Rhd1 Rxd4 25.
Bxd4 Bxc1 26. Rxc1 Rxe6 27. Bc3 Be4 28. Rd1 Bc6 29.
b4 Re4 30. c5 Rc4 31. Bxf6 Rxb4 32. Bd8 Rb2+ 33. Ke3 Rxg2 34. h4 Rg4 35. Rd6 a5 36. h5 a4 37. h6 a3 38. Bf6 Kf7 39. Bg7 a2 40. Rd8 Ra4 41. Ba1 g5 42. Rh8 Kg6 43.
Rg8+ Kxh6 44. Kf2 Kh5 0-1

[Event "*** Titled Tuesday Blitz"]
[Site "Chess.com"]
[Date "2018.06.05"]
[Round "4"]
[White "Robert_Chessmood"]
[Black "Grandelicious"]
[Result "1/2-1/2"]
[WhiteElo "2726"]
[BlackElo "2607"]
[TimeControl "180+2"]
[EndTime "13:58:54 PDT"]
[Termination "Game drawn by repetition"]

1. e4 c5 2. Nf3 Nf6 3. Nc3 d6 4. d4 cxd4 5. Nxd4 g6 6. Be3 a6 7. f3 b5 8. Qd2 Bb7 9. h4 h5 10. O-O-O Nbd7 11. Kb1 e5 12. Nb3 b4 13. Na4 Bc6 14. Qxb4 Rb8 15. Qa3 d5 16. Nac5 d4 17. Bg5 Nxc5 18. Nxc5 a5 19. Bxf6 Qxf6 20. Qxa5 Bd6 21.
Nb3 O-O 22. Qd2 Rfc8 23. Bc4 Ba8 24. Bd5 Bxd5 25. exd5 Rb5 26. g4 Qxf3 27. gxh5 Qxh5 28. Rdf1 Rxd5 29. Rhg1 e4 30. Nxd4 Bc5 31. c3 Bxd4 32.
cxd4 Qxh4 33. Rf4 Qe7 34. Qe3 Rh5 35. Rxe4 Qc7 36. Re8+ Rxe8 37. Qxe8+ Kg7 38. Rc1 Qf4 39. Qd7 Qe4+ 40. Ka1 Rh1 41. Qc7 Rxc1+ 42. Qxc1 Qxd4 43.
a3 f5 44. Qc7+ Kf6 45. Qc6+ Kg5 46. a4 f4 47. a5 Qd1+ 48. Ka2 f3 49. a6 f2 50. Qc5+ Kh6 51. Qxf2 Qa4+ 52. Kb1 Qd1+ 53. Ka2 Qa4+ 54. Kb1 Qd1+ 55. Ka2 Qa4+ 1/2-1/2

[Event "*** Titled Tuesday Blitz"]
[Site "Chess.com"]
[Date "2018.06.05"]
[Round "4"]
[White "Raja3401"]
[Black "amiralfio"]
[Result "1-0"]
[WhiteElo "2396"]
[BlackElo "2271"]
[TimeControl "180+2"]
[EndTime "13:58:55 PDT"]
[Termination "Raja3401 won by resignation"]

1. e4 e5 2. Nf3 Nf6 3. Nxe5 d6 4.
Nf3 Nxe4 5. d4 d5 6. Bd3 Nc6 7. O-O Be7 8. Re1 Bg4 9. c3 f5 10. Bf4 O-O 11. Be2 Bd6 12. Ne5 Bxe2 13. Qxe2 g5 14. Nxc6 bxc6 15. Bxd6 Nxd6 16. Nd2 Qf6 17.
Qe7 Ne4 18. Qxf6 Rxf6 19. Nb3 Kf7 20. f3 Nd6 21. Nc5 Nc4 22. b3 Nd6 23. Nd7 Re6 24.
Ne5+ Kg7 25. Nxc6 Rae8 26. Ne5 Nb5 27. Rac1 c5 28. a4 Nxc3 29. Rxc3 cxd4 30. Rc7+ Kg8 31. Rxa7 Rxe5 32. Rd1 Re3 33. Rxd4 Rxb3 34. Rxd5 Rb2 35. h4 g4 36. Rxf5 gxf3 37. Rxf3 Ree2 38. Rg3+ Kf8 39. a5 h5 40. a6 Re1+ 41. Kh2 Re4 42. Rf3+ Ke8 43. Kh3 Rg4 44. Rc3 Kd8 45. Rg3 Rxg3+ 46.
Kxg3 Rb4 47. Rb7 Rg4+ 48. Kh3 Kc8 49. Rb5 Ra4 50. Rxh5 Rxa6 51. Rd5 Kc7 52. h5 Kc6 53.
Rd3 1-0

[Event "*** Titled Tuesday Blitz"]
[Site "Chess.com"]
[Date "2018.06.05"]
[Round "4"]
[White "BartoszSocko"]
[Black "Last7Samurai"]
[Result "1/2-1/2"]
[WhiteElo "2616"]
[BlackElo "2693"]
[TimeControl "180+2"]
[EndTime "13:59:03 PDT"]
[Termination "Game drawn by agreement"]

1. e4 e6 2. d4 d5 3. exd5 exd5 4. Bd3 Nc6 5. Ne2 Bd6 6. Nbc3 Nge7 7. Bg5 f6 8. Bh4 Bg4 9. f3 Bh5 10. Bg3 Bg6 11. Qd2 Qd7 12. Bxg6+ hxg6 13. O-O-O O-O-O 14. Bxd6 Qxd6 15. h3 g5 16. Rhe1 Ng6 17. Kb1 Kb8 18.
Nc1 Rhe8 19. Nb3 Nh4 20. Nc5 Qg3 21. Rxe8 Rxe8 22. Qd3 Nd8 23. Nxd5 Nxg2 24. a4 Nf4 25. Qc4 Nxd5 26. Qxd5 Qd6 27. Qb3 Ka8 28. a5 a6 29.
Qb4 Qd5 30. Rd3 f5 31. Rb3 Qc6 32. Ka2 g6 33. Nd3 Ne6 34. Ne5 Qb5 35. Qxb5 axb5 36. c3 c6 37. Nxg6 Rg8 38. Ne7 Rh8 39. Nxf5 Rxh3 40.
d5 Nc5 41. dxc6 bxc6 42. Rb4 Rxf3 43. Ne7 Rf4 44. Nxc6 Rxb4 45. cxb4 Nd3 46. Kb3 g4 47. Nd4 g3 48. Nf3 g2 49. Kc3 Nf4 50. Ng1 Nd5+ 51.
Kd4 Nxb4 52. Kc5 Nd3+ 53. Kxb5 Nxb2 54. Kc5 Ka7 55. Kd4 Ka6 56. Ke4 Kxa5 57. Kf3 Nd3 58. Kxg2 1/2-1/2

[Event "*** Titled Tuesday Blitz"]
[Site "Chess.com"]
[Date "2018.06.05"]
[Round "4"]
[White "Mr_Penings"]
[Black "alpasya2009"]
[Result "1-0"]
[WhiteElo "2433"]
[BlackElo "2400"]
[TimeControl "180+2"]
[EndTime "13:59:03 PDT"]
[Termination "Mr_Penings won by resignation"]

1. c4 g6 2. g3 Bg7 3. Bg2 d6 4.
Nc3 e5 5. e4 Nc6 6. Nge2 Nge7 7. d3 O-O 8. O-O f5 9. f4 Kh8 10. Be3 Be6 11. Qd2 Nd4 12. Rab1 c5 13. b4 b6 14. Nd5 Nxd5 15. exd5 Bd7 16. fxe5 Nxe2+ 17. Qxe2 Bxe5 18. bxc5 bxc5 19. Qf2 Rb8 20. d4 cxd4 21. Bxd4 Rxb1 22. Bxe5+ dxe5 23. Rxb1 e4 24. Qxa7 Qe7 25. Rb7 Rd8 26. c5 e3 27. Kf1 f4 28. c6 e2+ 29.
Ke1 fxg3 30. Rxd7 Rxd7 31. Qxd7 Qb4+ 32. Kxe2 Qc4+ 33. Kf3 Qd3+ 34. Kg4 Qd4+ 35. Kh3 gxh2 36. c7 Qe3+ 37. Kxh2 Qf4+ 38. Kg1 Qc1+ 39. Kf2 Qd2+ 40.
Kf3 Qd3+ 41. Kf4 Qd4+ 42. Be4 Qf6+ 43. Ke3 Qc3+ 44. Bd3 Qe5+ 45. Kd2 Qb2+ 46. Ke3 Qe5+ 47. Kf3 Qh5+ 48. Qg4 Qxd5+ 49. Qe4 Qf7+ 50. Qf4 Qd5+ 51. Be4 Qc5 52. Qf6+ Kg8 53. c8=Q+ Qxc8 54. Bd5+ 1-0

[Event "*** Titled Tuesday Blitz"]
[Site "Chess.com"]
[Date "2018.06.05"]
[Round "4"]
[White "tteshan"]
[Black "Shivagami"]
[Result "1-0"]
[WhiteElo "1983"]
[BlackElo "2041"]
[TimeControl "180+2"]
[EndTime "13:59:03 PDT"]
[Termination "tteshan won by resignation"]

1. d4 d5 2. c4 c6 3. Nc3 Nf6 4. e3 a6 5. Nf3 Bf5 6. cxd5 cxd5 7. Qb3 Ra7 8. Be2 Nc6 9. O-O e6 10. Ne5 Bd6 11. f4 O-O 12. h3 Bxe5 13. dxe5 Ne4 14. Nxe4 Bxe4 15. g4 Qh4 16. Kh2 h5 17. g5 Bf5 18. Rf3 Bg4 19. Rg3 Bxe2 20. Bd2 Bg4 21. Be1 Nxe5 22. fxe5 Bf5 23. Rg4 Qxe1 24. Rxe1 hxg4 25.
hxg4 Bxg4 26. Kg3 Bf5 27. Rc1 b5 28. Qb4 Raa8 29. Qh4 Rfc8 30. Rh1 Kf8 31. g6 fxg6 32. Qg5 Kf7 33. Rh7 Kg8 34. Qh4 Rab8 35. Rh8+ Kf7 36. Rxc8 Rxc8 37. Qd4 Rc4 38. Qb6 Ra4 39. a3 Rg4+ 40.
Kf3 Ra4 41. Qc7+ Kf8 42. Qd8+ Kf7 43. Qc7+ Kf8 44. b3 Be4+ 45. Kf2 Rxa3 46. Qd6+ Kf7 47. Qxa3 1-0

[Event "*** Titled Tuesday Blitz"]
[Site "Chess.com"]
[Date "2018.06.05"]
[Round "4"]
[White "carlesdc96"]
[Black "Nyzhnyk_Illia"]
[Result "0-1"]
[WhiteElo "2560"]
[BlackElo "2735"]
[TimeControl "180+2"]
[EndTime "13:59:05 PDT"]
[Termination "Nyzhnyk_Illia won by resignation"]

1. e4 c6 2. Nc3 d5 3. Nf3 Bg4 4. Be2 e6 5. d4 Nf6 6. e5 Nfd7 7. Ng5 Bxe2 8. Qxe2 h6 9. Qh5 g6 10. Qh3 Be7 11. Nf3 c5 12. Ne2 Nc6 13. c3 cxd4 14.
cxd4 Rc8 15. O-O Qb6 16. b3 Nb4 17. Bd2 Nd3 18. Nc1 Nb4 19. Bxb4 Qxb4 20. Nd3 Qb5 21. Nf4 Rc6 22. Rfc1 Ba3 23. Rxc6 Qxc6 24. Ne1 Bb2 25.
Rd1 g5 26. Ne2 Ke7 27. Qd3 Qa6 28. Qxa6 bxa6 29. Rd2 Ba3 30. Rc2 Kd8 31. Nd3 Nb6 32. f3 a5 33. Kf2 Kd7 34. Nc5+ Ke7 35. Nb7 Rc8 36. Rxc8 Nxc8 37. Nxa5 Kd7 38. Nb7 Kc7 39. Nc5 Bxc5 40. dxc5 Kc6 41. b4 Kb5 42. a3 Ka4 43.
Nd4 Kxa3 44. Nc6 Ka4 45. Ke3 Kb5 46. Nd8 Kxb4 47. Nxf7 Kxc5 48. Nxh6 d4+ 49. Kd3 Ne7 50. Nf7 Ng6 51. Nxg5 Nxe5+ 52. Ke4 Nc6 53. Nxe6+ Kc4 54. Nf4 a5 55. Nd3 a4 56. g4 a3 57. Nc1 d3 58. Ke3 Kc3 59. h4 d2 60. Ne2+ Kc2 0-1